 Dungeon Crawl Stone Soup version 0.19.4-8-ga85b6b9 (webtiles) character file.

260 Naksu the Skirmisher (level 6, -1/53 HPs)
             Began as a Hill Orc Fighter on Feb 8, 2017.
             Was a Follower of Zin.
             Slain by an orc
             ... wielding a +2 mace of protection
              (4 damage)
             ... on level 4 of the Dungeon.
             The game lasted 00:09:31 (2349 turns).

Naksu the Skirmisher (Hill Orc Fighter)             Turns: 2349, Time: 00:09:33

Health: -1/53      AC:  7    Str: 25    XL:     6   Next: 17%
Magic:  6/6        EV:  8    Int:  8    God:    Zin [*.....]
Gold:   131        SH: 10    Dex: 11    Spells: 0 memorised, 5 levels left

rFire  . . .     SeeInvis .     a - +0 long sword
rCold  . . .     Gourm    +     b - +0 scale mail
rNeg   . . .     Faith    .     c - +0 shield
rPois  .         Spirit   .     (no helmet)
rElec  .         Reflect  .     (no cloak)
rCorr  .         Harm     .     (no gloves)
MR     .....                    (no boots)
Stlth  ..........               i - amulet of the gourmand
                                (no ring)
                                (no ring)

@: mighty
A: no striking features
a: Recite, Donate Gold, Renounce Religion, Convert to Beogh


You were on level 4 of the Dungeon.
You worshipped Zin.
Zin was aware of your devotion.
You were not hungry.

You visited 1 branch of the dungeon, and saw 4 of its levels.

You collected 145 gold pieces.
You donated 14 gold pieces to Zin.

Inventory:

Hand Weapons
 a - a +0 long sword (weapon)
Armour
 b - a +0 scale mail (worn)
 c - a +0 shield (worn)
 l - a +0 chain mail
Jewellery
 i - an amulet of the gourmand (around neck)
 n - a cursed ring of teleportation {unknown}
 w - an uncursed ring of stealth {unknown}
Wands
 v - a wand of acid (0/15)
Scrolls
 e - 2 scrolls of teleportation {unknown}
 h - a scroll of blinking {unknown}
 m - 3 scrolls of amnesia {unknown}
 o - 2 scrolls of recharging {unknown}
 r - a scroll of identify {unknown}
 t - a scroll of fog {unknown}
 x - a scroll of enchant armour {unknown}
 y - a scroll of noise {unknown}
Potions
 p - a potion of lignification {unknown}
 q - a potion of haste {unknown}
 u - a potion of curing {unknown}
Comestibles
 f - a bread ration
 g - a meat ration
 k - 3 fruits
 s - 2 slices of pizza


   Skills:
 + Level 4.6 Fighting
 + Level 4.4 Long Blades
 + Level 4.4 Armour
 + Level 1.2 Dodging
 + Level 4.1 Shields


You had 5 spell levels left.
You didn't know any spells.

Dungeon Overview and Level Annotations

Branches:
Dungeon (4/15)
 Temple: D:4-7

Altars:
Ashenzari
Xom
Zin
The Shining One


Message History

The orc priest shouts, "Join the one true god or die!"
The orc priest hits you but does no damage.
You bump into the rock wall.
The orc priest barely misses you.
You bump into the rock wall.
The orc wizard gestures wildly while chanting.
The orc wizard flickers and vanishes!
Deactivating autopickup; reactivate with Ctrl-A.
The orc closely misses you. The orc barely misses you.
The orc priest hits you but does no damage.
You bump into the rock wall.
Something hits you but does no damage. The orc priest hits you with a dagger.
* * * LOW HITPOINT WARNING * * *
The orc hits you but does no damage. x2
You bump into the rock wall.
You feel less confused. You block something's attack.
You block the orc priest's attack. The orc hits you with a flail!
* * * LOW HITPOINT WARNING * * *
The orc hits you with a mace of protection.
You die...

#.####.........# ...
#..............# ....
#............<#
...##..............
...#..............
###...........##...
##.os..........!..##
##.oo##............##
#..{@ooo.......#....#
#..#####...>....#.†..#
#. #........#.....
##########..... #...<<
#....# #[(..# #....#
######


You could see 2 orc priests, 4 orcs and a giant cockroach.

Vanquished Creatures
  Crazy Yiuf (D:3)
  3 orc wizards (D:3)
  7 adders
  2 oozes (D:1)
  2 dart slugs
  4 leopard geckos
  5 orcs
  3 giant cockroaches
  6 goblins
  9 hobgoblins
  7 jackals (D:1)
  A ball python (D:2)
  6 bats
  5 frilled lizards
  7 kobolds
  4 rats
72 creatures vanquished.

Notes
Turn   | Place    | Note
-------+----------+-------------------------------------------
     0 | D:1      | Naksu the Hill Orc Fighter began the quest for the Orb.
     0 | D:1      | Reached XP level 1. HP: 19/19 MP: 1/1
    97 | D:1      | Reached XP level 2. HP: 26/27 MP: 2/2
   291 | D:1      | Reached XP level 3. HP: 33/33 MP: 3/3
   800 | D:2      | Reached XP level 4. HP: 22/40 MP: 4/4
  1203 | D:2      | Reached XP level 5. HP: 45/47 MP: 5/5
  1573 | D:3      | Found a glowing silver altar of Zin.
  1582 | D:3      | Became a worshipper of Zin the Law-Giver
  1681 | D:3      | Found a shattered altar of Ashenzari.
  1708 | D:3      | Found a glowing golden altar of the Shining One.
  1717 | D:3      | Reached skill level 1 in Dodging
  1769 | D:3      | Reached * piety under Zin
  1973 | D:3      | Found a runed door.
  1977 | D:3      | Noticed Crazy Yiuf
  1985 | D:3      | Killed Crazy Yiuf
  2112 | D:3      | Reached XP level 6. HP: 43/53 MP: 6/6
  2225 | D:3      | Found a shimmering altar of Xom.
  2340 | D:4      | HP: 1/53 [orc priest/divine providence (12)]
  2349 | D:4      | Slain by an orc

Skill      XL: |  1  2  3  4  5 |
---------------+----------------+-----
Fighting       | 4 |  4.6
Long Blades    | 3 4 |  4.4
Shields        | 4 |  4.1
Armour         | 4 |  4.4
Dodging        | 1 |  1.2

Action                   |  1- 3 |  4- 6 || total
-------------------------+-------+-------++-------
Melee: Long sword        |   119 |   151 ||   270
Evoke: Wand              |       |     2 ||     2
  Use: Potion            |       |     7 ||     7
  Eat: Chunk             |     1 |     6 ||     7
Armor: Scale mail        |    55 |    92 ||   147
Dodge: Dodged            |    45 |    60 ||   105
Block: Shield            |    62 |    89 ||   151
       Rpst.: Long sword |    13 |    16 ||    29
